 Dungeon Sprint DCSS version 0.27-a0-249-g74f53ef629 (webtiles) character file.

Game seed: 4980422282217268963

996 mhtbhm the Protected (level 7, -1/71 HPs)
             Began as a Minotaur Fighter on Feb 4, 2021.
             Was a High Priest of Trog.
             Slain by a molten gargoyle
             ... wielding a +0 morningstar of draining
              (11 damage)
             ... in the Dungeon (Sprint VII: "The Pits").
             The game lasted 00:01:32 (653 turns).

mhtbhm the Protected (Minotaur Fighter)              Turns: 653, Time: 00:01:33

Health: -1/71      AC: 17    Str: 22    XL:     7   Next: 99%
Magic:  6/6        EV:  6    Int:  5    God:    Trog [*****.]
Gold:   0          SH: 12    Dex: 10    Spells: 6/6 levels left

rFire    . . .     SeeInvis .   a - +2 hand axe
rCold    . . .     Faith    .   c - +0 kite shield
rNeg     . . .     Spirit   .   b - +2 plate armour
rPois    .         Reflect  .   (helmet restricted)
rElec    .         Harm     .   (no cloak)
rCorr    .         Rampage  .   (no gloves)
Will     .....     NoTele   +   (no boots)
Stlth    ..........             (no amulet)
HPRegen  0.21/turn              (no ring)
MPRegen  0.10/turn              (no ring)

@: very slightly contaminated, invisible
A: retaliatory headbutt, horns 2
a: Renounce Religion, Berserk, Trog's Hand, Brothers in Arms


You were in the Dungeon.
You worshipped Trog.
Trog was extremely pleased with you.
You visited 1 branch

Inventory:

Hand Weapons
 a - a +2 hand axe (weapon)
Armour
 b - a +2 plate armour (worn)
 c - a +0 kite shield (worn)
Scrolls
 j - a scroll of blinking
 l - 3 scrolls of remove curse
 m - a scroll of summoning
Potions
 d - a potion of might
 e - 4 potions of curing
 f - 4 potions of heal wounds
 g - a potion of haste
 h - 4 potions of magic
 i - 3 potions of berserk rage
 k - a potion of invisibility


   Skills:
 + Level 9.9 Fighting
 + Level 11.1 Axes
 + Level 11.6 Armour
 + Level 1.2 Dodging
 + Level 0.8 Stealth
 + Level 10.5 Shields


You had 6 spell levels left.
You didn't know any spells.
Your spell library was empty.

Dungeon Overview and Level Annotations

Branches:
Dungeon (1/1)

Altars:
Cheibriados
Dithmenos
Elyvilon
Fedhas
Gozag
Hepliaklqana
Makhleb
Nemelex Xobeh
Okawaru
Qazlal
Ru
Sif Muna
Trog
Vehumet
Wu Jian
Xom
Yredelemnul
Zin
The Shining One
Beogh
Jiyva
Lugonu


Innate Abilities, Weirdness & Mutations

You reflexively headbutt those who attack you in melee.
You have a pair of horns on your head.


Message History

The orc priest is moderately wounded.
The molten gargoyle blasts magma at the orc priest!
The bolt of magma hits the orc priest!
The orc priest dies!
Unknown command.
You hit the orc.
You kill the orc!
Trog accepts your kill. Something appears at your feet!
Trog grants you a weapon!
The molten gargoyle blasts magma at you!
The bolt of magma hits you!!
* * * LOW HITPOINT WARNING * * *
There is an open door, spattered with blood here.
Items here: )) [[[ ††.
You hit the molten gargoyle but do no damage.
The molten gargoyle hits you with a +0 morningstar of draining!
* * * LOW HITPOINT WARNING * * *
You are engulfed in flames!
You die...

#.#..########...<...#
#.#..'.[)).##.......#
#.#..#[))).##.......#
#'###########.......#
#))))...#.. #########
#.###†..#.######
#.#.....#.#....#
#.#...#.#†#....#
#.....#.#)@9...+
#...###)#)#....#
#......)'.#....#
################


You could see a molten gargoyle.

Vanquished Creatures
  A kobold demonologist (D)
  A fire bat (D)
  A warg (D)
  Purgy (D)
  2 orc warriors (D)
  A centaur (D)
  A jelly (D)
  An orc priest (D)
  2 orc wizards (D)
  A gnoll (D)
  An adder zombie (D)
  A leopard gecko (D)
  7 orcs (D)
  A bat (D)
  A hobgoblin (D)
  3 jackals (D)
  A kobold (D)
  A quokka skeleton (D)
  2 rats (D)
30 creatures vanquished.

Vanquished Creatures (others)
  A golden eye (D)
  An orc priest (D)
  An orc wizard (D)
3 creatures vanquished.

Grand Total: 33 creatures vanquished

Notes
Turn   | Place    | Note
-------+----------+-------------------------------------------
     0 | D        | mhtbhm the Minotaur Fighter began the quest for the Orb.
     0 | D        | Reached XP level 1. HP: 19/19 MP: 0/0
    19 | D        | Found a bloodstained altar of Trog.
    19 | D        | Found a shimmering blue altar of Sif Muna.
    19 | D        | Found a viscous altar of Jiyva.
    19 | D        | Found a hazy altar of Hepliaklqana.
    19 | D        | Found an opulent altar of Gozag.
    20 | D        | Found a glowing golden altar of the Shining One.
    20 | D        | Found a glowing silver altar of Zin.
    20 | D        | Found a basalt altar of Yredelemnul.
    20 | D        | Found a shimmering altar of Xom.
    20 | D        | Found an ornate altar of the Wu Jian Council.
    20 | D        | Found a sacrificial altar of Ru.
    20 | D        | Found a stormy altar of Qazlal.
    20 | D        | Found an iron altar of Okawaru.
    20 | D        | Found a sparkling altar of Nemelex Xobeh.
    20 | D        | Found a burning altar of Makhleb.
    20 | D        | Found a blossoming altar of Fedhas.
    20 | D        | Found a white marble altar of Elyvilon.
    20 | D        | Found a shadowy altar of Dithmenos.
    20 | D        | Found a snail-covered altar of Cheibriados.
    22 | D        | Found a radiant altar of Vehumet.
    22 | D        | Found a corrupted altar of Lugonu.
    22 | D        | Found a roughly hewn altar of Beogh.
    24 | D        | Became a worshipper of Trog the Wrathful
    77 | D        | Reached * piety under Trog
    84 | D        | Noticed Purgy
    87 | D        | Reached ** piety under Trog
    88 | D        | Reached XP level 2. HP: 28/28 MP: 1/1
    90 | D        | Killed Purgy
    91 | D        | Reached skill level 5 in Axes
    91 | D        | Reached XP level 3. HP: 38/38 MP: 2/2
    91 | D        | Reached XP level 4. HP: 45/45 MP: 3/3
   163 | D        | Noticed an orc warrior
   172 | D        | Killed an orc warrior
   173 | D        | Reached XP level 5. HP: 52/53 MP: 4/4
   173 | D        | Reached *** piety under Trog
   177 | D        | Noticed a warg
   183 | D        | Reached **** piety under Trog
   198 | D        | Reached ***** piety under Trog
   199 | D        | Reached XP level 6. HP: 51/62 MP: 5/5
   207 | D        | Killed a warg
   208 | D        | Reached skill level 10 in Armour
   297 | D        | Received a gift from Trog
   298 | D        | Reached XP level 7. HP: 44/70 MP: 6/6
   303 | D        | Killed a golden eye
   584 | D        | Noticed a fire bat
   598 | D        | Killed a fire bat
   599 | D        | Reached skill level 10 in Axes
   599 | D        | Reached skill level 1 in Dodging
   599 | D        | Reached skill level 10 in Shields
   636 | D        | Noticed a kobold demonologist
   636 | D        | Noticed a molten gargoyle
   648 | D        | Killed a kobold demonologist
   651 | D        | Received a gift from Trog
   653 | D        | Slain by a molten gargoyle

Illustrated notes

Levels and vault maps discovered:
D:        pitsprint [storerooms_1, entrance_room_1, metal_vault_1, armoury_1,
          mini_pit_1, grid_room_1, main_hall_1, silver_pit, the_coven_1,
          the_vestibule_1, steel_vault_4, golden_pit, hallway_of_sentries,
          crystal_vault_3, iron_vault_4, final_vault]

Skill      XL: |  1  2  3  4  5  6  7 |
---------------+----------------------+-----
Fighting       | 4 6 7 8 9 |  9.9
Armour         | 4 6 8 9 10 11 | 11.6
Shields        | 4 6 7 8 9 10 | 10.5
Axes           | 5 6 7 8 11 | 11.1
Dodging        | 1 |  1.2
Stealth        | |  0.8

Action                   |  1- 3 |  4- 6 |  7- 9 || total
-------------------------+-------+-------+-------++-------
Melee: Hand axe          |    11 |    42 |    38 ||    91
       War axe           |     3 |       |       ||     3
       Headbutt          |     3 |     7 |     6 ||    16
Invok: Berserk           |     1 |     1 |       ||     2
  Use: Potion            |       |     3 |     2 ||     5
 Stab: Invisible         |       |       |     3 ||     3
Armor: Scale mail        |     6 |       |       ||     6
       Plate armour      |       |    37 |    11 ||    48
Dodge: Dodged            |     3 |     4 |     2 ||     9
Block: Kite shield       |    12 |    23 |    13 ||    48

Table legend: (Time is in decaauts)
 A = Elapsed time spent in this place.
 B = Non-inter-level travel time spent in this place.
 C = Inter-level travel time spent in this place.
 D = Time resting spent in this place.
 E = Time spent auto-exploring this place.
 F = Levels seen in this place.
 G = Mean time per level.
                   A        B        C        D        E       F      G
               +--------+--------+--------+--------+--------+-----+--------+
         Total |    677 |    677 |      0 |    370 |      0 |   1 |  677.0 |
       Dungeon |    677 |    677 |      0 |    370 |      0 |   1 |  677.0 |
               +--------+--------+--------+--------+--------+-----+--------+

Top non-repeatable levels by time:
       D: 677 daAuts
